 Dungeon Crawl Stone Soup version 0.29-a0-40-g8eb35efe60 (webtiles) character file.

Game seed: 9358070208564109983

334 Sabo the Conjurer (level 6, -2/36 HPs)
             Began as an Octopode Conjurer on Feb 1, 2022.
             Was an Initiate of Gozag.
             Slain by an orc (9 damage)
             ... on level 3 of the Dungeon.
             The game lasted 00:17:17 (3768 turns).

Sabo the Conjurer (Octopode Conjurer)               Turns: 3768, Time: 00:17:18

Health: -2/36      AC:  1    Str:  7    XL:     6   Next: 53%
Magic:  9/10       EV: 13    Int: 22    God:    Gozag
Gold:   165        SH:  0    Dex: 10    Spells: 8/11 levels left

rFire   . . .      SeeInvis .   l - +1 mace (drain)
rCold   . . .      Faith    .   (no shield)
rNeg    . . .      Spirit   .   (helmet restricted)
rPois   .          Reflect  .   (no amulet)
rElec   .          Harm     .   (no ring)
rCorr   .          Rampage  .   (no ring)
Will    .....                   (no ring)
Stlth   ++++......              (no ring)
HPRegen 0.12/turn               (no ring)
MPRegen 0.12/turn               (no ring)
                                (no ring)
                                (no ring)

@: no status effects
A: almost no armour, amphibious, 8 rings, camouflage 1, gelatinous body 1,
(nimble swimmer 1), tentacles
a: Renounce Religion, Potion Petition, Call Merchant, Bribe Branch


You were on level 3 of the Dungeon.
You worshipped Gozag.
Gozag was aware of your devotion.
You visited 1 branch of the dungeon, and saw 4 of its levels.

You collected 165 gold pieces.

Inventory:

Hand Weapons
 d - a +0 hunting sling
 h - a +1 short sword
 l - a +1 mace of draining (weapon)
Missiles
 g - 29 arrows
 i - 56 stones
 j - a throwing net
 k - 62 sling bullets
Wands
 p - a wand of paralysis (9)
Scrolls
 b - a scroll of enchant weapon
 e - 2 scrolls of teleportation {unknown}
 f - 2 scrolls of identify {unknown}
 m - a scroll of holy word {unknown}
 o - a scroll of blinking {unknown}
Potions
 a - a potion of haste {unknown}
 c - 2 potions of curing {unknown}
 n - a potion of cancellation {unknown}


   Skills:
 + Level 0.1 Fighting
 + Level 1.1 Short Blades
 + Level 0.1 Maces & Flails
 + Level 3.1 Dodging
 + Level 4.8 Stealth
 + Level 3.2 Spellcasting
 + Level 5.6 Conjurations


You had 8 spell levels left.
You knew the following spells:

 Your Spells              Type           Power      Damage    Failure   Level
a - Magic Dart            Conj           100%       1d8       1%          1
b - Searing Ray           Conj           56%        2d6       1%          2

Your spell library contained the following spells:

 Spells                   Type           Power      Damage    Failure   Level
 Pain                     Necr           12%        1d4       12%         1
 Dazzling Flash           Conj/Hex       30%        N/A       12%         3
 Confusing Touch          Hex            3%         N/A       36%         3
 Fulminant Prism          Conj/Hex       7%         3d7       36%         4
 Iskenderun's Mystic Bla  Conj/Tloc      15%        2d5       36%         4
 Agony                    Necr           3%         N/A       98%         5
 Excruciating Wounds      Necr           1%         N/A       98%         5
 Yara's Violent Unravell  Hex/Tmut       1%         3d3       98%         5
 Enfeeble                 Hex            1%         N/A       100%        7


Dungeon Overview and Level Annotations

Branches:
Dungeon (4/15)
 Temple: D:4-7

Altars:
Gozag


Innate Abilities, Weirdness & Mutations

You cannot wear most types of armour.
You are amphibious.
You can wear up to eight rings at the same time.
Your skin changes colour to match your surroundings (Stealth+).
Your rubbery body absorbs attacks. (AC +1, EV +1)
((You are camouflaged when in or above water. (Stealth+)))
You have tentacles for arms and can constrict up to eight enemies at once.


Message History

The magic dart hits the orc priest but does no damage.
You hit the orc priest. You grab the orc priest. You squeeze the orc priest.
The orc priest is severely wounded.
You constrict the orc priest, but do no damage.
The orc priest completely misses you.
You hit the orc priest.
The orc priest is severely wounded.
You constrict the orc priest, but do no damage.
The orc priest calls down the wrath of Beogh upon you.
Beogh smites you!
* * * LOW HITPOINT WARNING * * *
You hit the orc priest. You drain the orc priest.
You kill the orc priest!
Your magical contamination has completely faded away.
You now have 165 gold pieces (gained 8).
Things that are here:
a +0 hand axe; a +0 ring mail An orc comes into view.
It is wielding a +0 hand axe.
Things that are here:
3 gold pieces; a +0 dagger; a +0 robe The orc is distracted by your dazzling golden aura.
Things that are here:
a +0 hand axe; a +0 ring mail You start resting.
Magic restored.
You start resting.
An orc comes into view. It is wielding a +0 flail.
The orc shouts!
You hear a shout!
Casting: Magic Dart (safe; 1% risk of failure)
Confirm with . or Enter, or press ? or * to list all spells.
Aiming: Magic Dart (safe; 1% risk of failure)
Press: ? - help, Shift-Dir - straight line, f - orc
Aim: an orc, wielding a +0 flail and wearing a +0 ring mail (100% to hit)
The magic dart hits the orc.
The orc is heavily wounded.
You barely miss the orc. Your grab misses the orc.
The orc is heavily wounded.
The orc hits you with a +0 flail!
You die...
Your body crumbles into a pile of gold.

#o....# #.#.
#.....#### ####.#.
#........# #......
#.#...##.####.##.#.
#.#...#....##.##...
#$#.).#..#.##.#####
#o#.....##.##.#
#.#####.##....#
#.@o....#######
#########


You could see 2 orcs.

Vanquished Creatures
  Sigmund (D:3)
  An orc priest (D:3)
  Ijyb (D:3)
  An orc wizard (D:3)
  A gnoll (D:1)
  3 adders
  A worm (D:2)
  3 dart slugs
  An orc (D:3)
  4 ball pythons
  2 bats
  6 endoplasms
  2 giant cockroaches (D:1)
  5 hobgoblins
  6 jackals
  5 kobolds
  4 quokkas
  4 frilled lizards
  5 rats
56 creatures vanquished.

Notes
Turn   | Place    | Note
-------+----------+-------------------------------------------
     0 | D:1      | Sabo the Octopode Conjurer began the quest for the Orb.
     0 | D:1      | Reached XP level 1. HP: 11/11 MP: 3/3
   384 | D:1      | Reached XP level 2. HP: 17/17 MP: 0/5
   852 | D:1      | Reached XP level 3. HP: 15/21 MP: 0/6
  1890 | D:2      | Reached XP level 4. HP: 11/27 MP: 5/7
  2571 | D:2      | Reached skill level 5 in Conjurations
  2652 | D:2      | You fall into a shaft and drop 2 floors!
  2966 | D:2      | Found a faded altar of an unknown god.
  2979 | D:2      | Prayed at the altar of an unknown god.
  2979 | D:2      | Became a worshipper of Gozag Ym Sagoz the Greedy
  3022 | D:3      | Noticed an ogre
  3188 | D:3      | Noticed Sigmund
  3195 | D:3      | Killed Sigmund
  3196 | D:3      | Reached skill level 1 in Short Blades
  3196 | D:3      | Reached XP level 5. HP: 19/31 MP: 1/9
  3196 | D:3      | Reached XP level 6. HP: 22/36 MP: 1/10
  3386 | D:3      | Learned a level 2 spell: Searing Ray
  3600 | D:3      | Noticed Ijyb
  3606 | D:3      | Paralysed by Ijyb for 3 turns
  3618 | D:3      | Killed Ijyb
  3768 | D:3      | Slain by an orc

Illustrated notes

Levels and vault maps discovered:
D:1:      tarquinn_simple_flora_water_e, layout_rooms, serial_curves,
          eino_curves_04, eino_curves_01
D:2:      layout_basic, shapermc_ecumenical_altar_mp_highgroup,
          minmay_misc_feat_hallway
D:3:      layout_basic, old_standard_altar, uniq_ijyb, uniq_sigmund,
          uniq_natasha
D:4:      layout_layer_cave, mainiacjoe_overflow_paths, serial_co_window_serial,
          co_window_of_opportunity_a, co_window_paths_a, co_window_paths_b,
          co_window_paths_a, co_window_corner_a, co_window_of_opportunity_c,
          co_window_corner_ca, co_window_corner_b, co_window_cross_3,
          co_window_cross_4, co_window_corner_b, co_window_corner_ca,
          co_window_paths_d, glass_columns_b, glass_columns_a, glass_columns_a,
          glass_columns_a, glass_columns_c, serial_bayou_pond_d, uniq_pikel

Skill      XL: |  1  2  3  4  5  6 |
---------------+-------------------+-----
Stealth        | 3 4 |  4.8
Conjurations   | 5 |  5.6
Short Blades   | 1 |  1.1
Spellcasting   | 3 |  3.2
Dodging        | 3 |  3.1
Fighting       | |  0.1
Maces & Flails | |  0.1

Action                   |  1- 3 |  4- 6 || total
-------------------------+-------+-------++-------
Melee: Unarmed           |    12 |       ||    12
       Constrict         |     8 |     1 ||     9
       Tentacles         |     5 |     1 ||     6
       Short sword       |    14 |     4 ||    18
       Mace              |       |     7 ||     7
 Cast: Magic Dart        |    60 |    58 ||   118
  Use: Scroll            |     1 |       ||     1
 Stab: Sleeping          |     1 |       ||     1
Dodge: Dodged            |    15 |    13 ||    28

Table legend: (Time is in decaauts)
 A = Elapsed time spent in this place.
 B = Non-inter-level travel time spent in this place.
 C = Inter-level travel time spent in this place.
 D = Time resting spent in this place.
 E = Time spent auto-exploring this place.
 F = Levels seen in this place.
 G = Mean time per level.
                   A        B        C        D        E       F      G
               +--------+--------+--------+--------+--------+-----+--------+
         Total |   3771 |   3771 |      0 |   1699 |      0 |   4 |  942.8 |
       Dungeon |   3771 |   3771 |      0 |   1699 |      0 |   4 |  942.8 |
               +--------+--------+--------+--------+--------+-----+--------+

Top non-repeatable levels by time:
     D:2: 1511 daAuts
     D:1: 1455 daAuts
     D:3: 721 daAuts
     D:4: 83 daAuts
